AoeStats
← oemer43k

Arabia

503219616Analyzed
2v2 RM · 1mo ago on Aug 30, 2026· 54m 59s· 4 players
Game mode
Random Map
Map size
Medium (4 player)
Population
200
Speed
Normal
Resources
Standard
Victory
Conquest
Starting age
Dark Age
Ending age
Imperial Age
RankedLock teamsTeams togetherTeam positionsShared explorationLock speedFull tech treeHidden civsTurbo modeCheats
Victory
Defeat
🇩🇪 Khmer · Germany
609
+11
🇪🇸 Bohemians · Spain
578
+12
🇦🇷 Muisca · Argentina
530
-13
🇦🇷 Sicilians · Argentina
464
-10
oemer43k
0:55 Loom
12:28 Feudal Age
14:15 Horse Collar
17:01 Castle Age
19:10 Wheelbarrow
18:33 Double-Bit Axe
19:39 Heavy Plow
19:36 Town Watch
19:51 Gold Mining
21:39 Bow Saw
23:13 Stone Mining
26:43 Town Patrol
26:58 Hand Cart
27:14 Fletching
34:17 Scale Barding Armor
34:22 Forging
34:08 Bodkin Arrow
34:14 Padded Archer Armor
42:27 Iron Casting
42:07 Leather Archer Armor
45:39 Imperial Age
47:07 Husbandry
47:18 Bloodlines
48:47 Cavalier
50:29 Chain Barding Armor
51:11 Blast Furnace
51:53 Gold Shaft Mining
53:52 Conscription
54:11 Plate Barding Armor
55:37 Chemistry
Javi
0:28 Loom
17:00 Feudal Age
18:20 Wheelbarrow
17:31 Town Watch
17:49 Horse Collar
27:16 Castle Age
29:49 Town Patrol
30:04 Hand Cart
30:05 Crossbowman
31:46 Crossbowman
35:24 Husbandry
40:55 Heavy Plow
40:43 Double-Bit Axe
43:16 Bow Saw
46:53 Imperial Age
46:05 Caravan
46:35 Coinage
48:05 Hussite Reforms
48:05 Wagenburg Tactics
47:21 Elite Hussite Wagon
48:22 Conscription
49:47 Chemistry
49:08 Ballistics
48:29 Treadmill Crane
48:59 Masonry
48:55 Sappers
49:57 Man-at-Arms
49:58 Pikeman
50:39 Squires
50:24 Arson
52:53 Halberdier
52:53 Long Swordsman
ElMatidroga2
1:09 Loom
12:56 Feudal Age
14:20 Wheelbarrow
20:19 Castle Age
19:38 Champi Runner
20:06 Horse Collar
20:12 Double-Bit Axe
20:19 Double-Bit Axe
24:51 Forging
24:42 Scale Mail Armor
24:46 Heavy Plow
26:31 Squires
25:57 Champi Warrior
32:46 Chain Mail Armor
33:06 Iron Casting
49:53 Hand Cart
Swenit
2:11 Loom
12:32 Feudal Age
13:54 Man-at-Arms
14:20 Arson
15:31 Wheelbarrow
15:19 Double-Bit Axe
17:06 Town Watch
20:41 Horse Collar
22:17 Bloodlines
28:57 Castle Age
30:09 Husbandry
29:36 Elite Skirmisher
34:44 Bow Saw
36:53 Ballistics
39:30 Pikeman
41:24 Town Patrol
41:43 Fervor
43:12 Stone Mining
43:13 Gold Mining
48:06 First Crusade
Connection lost

Rejoining the realm…

Still unreachable

The connection could not be restored.

Session expired

The server has moved on; the page needs a fresh start.